[ AOE2 MATCH · #483330564 ]
UnrankedGeorgians vs Chinese
[ REPLAY ANALYSIS · EXTRACTED FROM THE RECORDED GAME ]
Feudal
—
Castle
—
Imperial
—
| APM avg | 0.3 |
| APM peak | 9 |
| eAPM avg | 0.3 |
| Villagers / military | 0 / 0 |
Feudal
—
Castle
—
Imperial
—
| APM avg | 0.6 |
| APM peak | 20 |
| eAPM avg | 0.4 |
| Villagers / military | 3 / 0 |
Focus
⚔️ 0.0% · 🌾 100.0%
Feudal
—
Castle
—
Imperial
—
| APM avg | 9.3 |
| APM peak | 42 |
| eAPM avg | 7.6 |
| Villagers / military | 53 / 10 |
Focus
⚔️ 17.3% · 🌾 82.7%
Chu Ko Nu ×10 · Trade Cart ×4
Feudal
11:32
Castle
15:07
Imperial
32:21
| APM avg | 22.6 |
| APM peak | 41 |
| eAPM avg | 16.9 |
| Villagers / military | 107 / 100 |
Focus
⚔️ 34.7% · 🌾 65.3%
Spearman ×84 · Battering Ram ×13 · Monk ×3
Feudal
—
Castle
—
Imperial
—
| APM avg | 0.8 |
| APM peak | 25 |
| eAPM avg | 0.6 |
| Villagers / military | 5 / 0 |
Focus
⚔️ 0.0% · 🌾 100.0%
Feudal
—
Castle
—
Imperial
—
| APM avg | 0.7 |
| APM peak | 24 |
| eAPM avg | 0.4 |
| Villagers / military | 6 / 0 |
Focus
⚔️ 0.0% · 🌾 100.0%
Feudal
9:56
Castle
20:17
Imperial
—
| APM avg | 11.1 |
| APM peak | 23 |
| eAPM avg | 9.0 |
| Villagers / military | 81 / 25 |
Focus
⚔️ 15.0% · 🌾 85.0%
Gbeto ×16 · Camel Scout ×6 · Mangonel ×2 · Scorpion ×1
Feudal
—
Castle
—
Imperial
—
| APM avg | 0.6 |
| APM peak | 18 |
| eAPM avg | 0.3 |
| Villagers / military | 3 / 0 |
Focus
⚔️ 0.0% · 🌾 100.0%
Match map
Initial resources + every placement click. Lines = walls · curves = elevation contours. ◆ gold · ⬟ stone · ● berries · ✦ relic · ◌ wall gap
Your base· ✓ Closed at 12:00 · 0t walls · 2 gate(s)
benjamin100's base· ✓ Closed at 12:00 · 0t walls · 2 gate(s)
HUGO3509's base· ✓ Closed at 21:34 · 0t walls · 2 gate(s)
MASACRE's base· ✓ Closed at 15:07 · 0t walls · 3 gate(s)
Lezec's base· ✓ Closed at 12:00 · 0t walls · 2 gate(s)
LordHassan's base· ✓ Closed at 12:00 · 0t walls · 3 gate(s)
hpenasa's base· ✓ Closed at 20:17 · 0t walls · 3 gate(s)
WiJE's base· ✓ Closed at 12:00 · 0t walls · 3 gate(s)
Smoothed initial terrain · ◌ = detected wall gap · hover for details
Inputs per minute
— 123321 - - benjamin100
Build order — 123321
0 actions detected in the replay
Build order — benjamin100
5 actions detected in the replay
| 0:01 | Create | Villager (Male) |
| 0:02 | Create | Villager (Male) |
| 0:06 | Build | House |
| 0:10 | Create | Villager (Male) |
| 0:11 | Build | House |
Build order — HUGO3509
128 actions detected in the replay
| 1:09 | Build | House |
| 1:12 | Build | House |
| 1:50 | Create | Villager (Male) |
| 2:42 | Create | Villager (Male) |
| 2:43 | Create | Villager (Male) |
| 3:14 | Create | Villager (Male) |
| 3:39 | Create | Villager (Male) |
| 4:08 | Create | Villager (Male) |
| 4:09 | Create | Villager (Male) |
| 5:46 | Create | Villager (Male) |
| 5:46 | Create | Villager (Male) |
| 5:46 | Create | Villager (Male) |
| 5:47 | Create | Villager (Male) |
| 6:00 | Build | Mill |
| 6:31 | Create | Villager (Male) |
| 6:32 | Create | Villager (Male) |
| 6:32 | Create | Villager (Male) |
| 6:54 | Create | Villager (Male) |
| 6:55 | Create | Villager (Male) |
| 7:35 | Create | Villager (Male) |
| 8:10 | Build | Mining Camp |
| 8:29 | Build | Farm |
| 9:20 | Build | Farm |
| 10:08 | Build | House |
| 10:10 | Build | House |
| 10:12 | Build | House |
| 10:15 | Build | House |
| 10:27 | Build | Farm |
| 10:35 | Create | Villager (Male) |
| 10:35 | Create | Villager (Male) |
| 10:35 | Create | Villager (Male) |
| 10:37 | Create | Villager (Male) |
| 10:38 | Create | Villager (Male) |
| 12:43 | Research | Feudal Age |
| 12:54 | Build | Lumber Camp |
| 13:17 | Build | House |
| 13:18 | Build | House |
| 13:20 | Build | House |
| 13:50 | Build | Farm |
| 13:56 | Create | Villager (Male) |
| 13:57 | Create | Villager (Male) |
| 13:57 | Create | Villager (Male) |
| 13:57 | Create | Villager (Male) |
| 13:58 | Create | Villager (Male) |
| 13:58 | Create | Villager (Male) |
| 13:58 | Create | Villager (Male) |
| 13:59 | Create | Villager (Male) |
| 14:29 | Build | Farm |
| 14:34 | Build | Farm |
| 14:42 | Build | Farm |
| 15:15 | Research | Horse Collar |
| 15:45 | Build | Mining Camp |
| 16:19 | Build | Farm |
| 16:23 | Research | Double-Bit Axe |
| 16:45 | Build | Farm |
| 16:47 | Build | Farm |
| 17:15 | Build | Farm |
| 17:34 | Build | Farm |
| 18:13 | Build | Barracks |
| 18:43 | Research | Wheelbarrow |
| 18:58 | Build | Market |
| 19:43 | Build | Blacksmith |
| 19:52 | Create | Villager (Male) |
| 19:52 | Create | Villager (Male) |
| 19:53 | Create | Villager (Male) |
| 19:53 | Create | Villager (Male) |
| 20:17 | Research | Gold Mining |
| 20:20 | Research | Stone Mining |
| 21:03 | Build | Farm |
| 21:34 | Research | Castle Age |
| 22:01 | Create | Villager (Male) |
| 22:02 | Create | Villager (Male) |
| 22:02 | Create | Villager (Male) |
| 22:04 | Create | Villager (Male) |
| 23:59 | Build | Stone Wall |
| 24:18 | Create | Villager (Male) |
| 24:19 | Create | Villager (Male) |
| 24:19 | Create | Villager (Male) |
| 24:19 | Create | Villager (Male) |
| 24:19 | Create | Villager (Male) |
| 24:42 | Build | Town Center |
| 24:51 | Research | Bow Saw |
| 24:57 | Research | Heavy Plow |
| 25:28 | Build | Archery Range |
| 25:34 | Build | Stable |
| 25:38 | Build | Siege Workshop |
| 25:49 | Research | Fletching |
| 25:49 | Research | Padded Archer Armor |
| 25:50 | Research | Scale Barding Armor |
| 27:30 | Build | Castle |
| 28:15 | Build | Siege Workshop |
| 28:27 | Research | Hand Cart |
| 28:56 | Create | Villager (Male) |
| 28:57 | Create | Villager (Male) |
| 28:57 | Create | Villager (Male) |
| 28:57 | Create | Villager (Male) |
| 29:18 | Build | Stable |
| 29:22 | Build | Archery Range |
| 29:26 | Build | Barracks |
| 29:29 | Build | Barracks |
| 29:34 | Build | Siege Workshop |
| 29:50 | Create | Trade Cart |
| 29:50 | Create | Trade Cart |
| 29:51 | Create | Trade Cart |
| 29:51 | Create | Trade Cart |
| 31:03 | Build | University |
| 31:14 | Build | Monastery |
| 31:21 | Research | Town Watch |
| 31:21 | Research | Loom |
| 31:29 | Create | Villager (Male) |
| 31:29 | Create | Villager (Male) |
| 31:30 | Create | Villager (Male) |
| 31:30 | Create | Villager (Male) |
| 31:30 | Create | Villager (Male) |
| 31:31 | Create | Villager (Male) |
| 32:06 | Research | Leather Archer Armor |
| 32:07 | Research | Bodkin Arrow |
| 32:08 | Research | Chain Barding Armor |
| 32:23 | Create | Chu Ko Nu |
| 32:24 | Create | Chu Ko Nu |
| 32:24 | Create | Chu Ko Nu |
| 32:24 | Create | Chu Ko Nu |
| 32:25 | Create | Chu Ko Nu |
| 32:25 | Create | Chu Ko Nu |
| 32:25 | Create | Chu Ko Nu |
| 32:26 | Create | Chu Ko Nu |
| 32:26 | Create | Chu Ko Nu |
| 32:26 | Create | Chu Ko Nu |
Build order — MASACRE
First 150 of 333 actions detected
| 0:05 | Create | Villager (Male) |
| 0:06 | Create | Villager (Male) |
| 0:06 | Create | Villager (Male) |
| 0:08 | Build | House |
| 0:10 | Build | House |
| 1:12 | Create | Villager (Male) |
| 1:42 | Create | Villager (Male) |
| 1:42 | Create | Villager (Male) |
| 1:57 | Build | Lumber Camp |
| 2:04 | Create | Villager (Male) |
| 2:42 | Create | Villager (Male) |
| 2:56 | Create | Villager (Male) |
| 3:17 | Create | Villager (Male) |
| 3:41 | Create | Villager (Male) |
| 4:09 | Build | House |
| 4:11 | Build | House |
| 4:12 | Build | House |
| 4:17 | Create | Villager (Male) |
| 4:17 | Create | Villager (Male) |
| 5:11 | Create | Villager (Male) |
| 5:33 | Create | Villager (Male) |
| 5:33 | Create | Villager (Male) |
| 5:34 | Create | Villager (Male) |
| 5:41 | Build | Mill |
| 5:42 | Create | Villager (Male) |
| 6:08 | Create | Villager (Male) |
| 6:11 | Build | Mill |
| 6:58 | Create | Villager (Male) |
| 6:58 | Create | Villager (Male) |
| 7:44 | Create | Villager (Male) |
| 7:45 | Create | Villager (Male) |
| 8:36 | Build | Mining Camp |
| 8:38 | Research | Feudal Age |
| 9:25 | Create | Villager (Male) |
| 9:25 | Create | Villager (Male) |
| 11:03 | Build | Farm |
| 11:03 | Build | Farm |
| 11:03 | Build | Farm |
| 11:04 | Build | Farm |
| 11:32 | Age | Feudal Age |
| 11:35 | Build | Market |
| 11:40 | Build | Blacksmith |
| 12:27 | Research | Castle Age |
| 12:51 | Build | Farm |
| 12:52 | Build | Farm |
| 12:53 | Build | Farm |
| 13:30 | Research | Double-Bit Axe |
| 14:01 | Build | Farm |
| 14:03 | Build | Farm |
| 14:26 | Create | Villager (Male) |
| 14:26 | Create | Villager (Male) |
| 15:01 | Build | House |
| 15:07 | Age | Castle Age |
| 15:14 | Build | Town Center |
| 15:20 | Build | Monastery |
| 15:30 | Build | Town Center |
| 15:41 | Build | Farm |
| 15:46 | Create | Villager (Male) |
| 15:55 | Build | House |
| 15:58 | Create | Villager (Male) |
| 16:13 | Create | Monk |
| 16:27 | Create | Villager (Male) |
| 16:27 | Create | Villager (Male) |
| 16:28 | Create | Villager (Male) |
| 16:28 | Create | Villager (Male) |
| 16:43 | Build | House |
| 16:44 | Build | House |
| 16:46 | Create | Villager (Male) |
| 16:51 | Create | Monk |
| 17:07 | Create | Villager (Male) |
| 17:09 | Create | Villager (Male) |
| 17:09 | Create | Villager (Male) |
| 17:10 | Create | Monk |
| 17:28 | Create | Villager (Male) |
| 17:30 | Create | Villager (Male) |
| 17:30 | Create | Villager (Male) |
| 17:33 | Build | Farm |
| 17:33 | Build | Farm |
| 17:36 | Build | Farm |
| 17:40 | Build | Farm |
| 17:43 | Create | Villager (Male) |
| 17:43 | Create | Villager (Male) |
| 17:47 | Build | Farm |
| 17:48 | Build | Farm |
| 17:48 | Build | Farm |
| 17:48 | Build | Farm |
| 17:58 | Build | Farm |
| 18:00 | Create | Villager (Male) |
| 18:00 | Create | Villager (Male) |
| 18:00 | Create | Villager (Male) |
| 18:04 | Build | House |
| 18:05 | Create | Villager (Male) |
| 18:05 | Create | Villager (Male) |
| 18:09 | Build | Farm |
| 18:54 | Build | Siege Workshop |
| 18:57 | Create | Villager (Male) |
| 18:58 | Create | Villager (Male) |
| 19:05 | Build | Farm |
| 19:07 | Create | Villager (Male) |
| 19:08 | Create | Villager (Male) |
| 19:18 | Research | Bow Saw |
| 19:24 | Build | Farm |
| 19:27 | Build | Farm |
| 19:35 | Build | Farm |
| 19:36 | Create | Villager (Male) |
| 19:46 | Research | Gold Mining |
| 19:48 | Create | Villager (Male) |
| 19:48 | Create | Villager (Male) |
| 19:53 | Build | Farm |
| 19:59 | Build | Farm |
| 20:18 | Create | Villager (Male) |
| 20:18 | Create | Villager (Male) |
| 20:20 | Build | Farm |
| 20:25 | Build | Farm |
| 20:25 | Build | Farm |
| 20:28 | Build | House |
| 20:29 | Build | House |
| 20:29 | Build | House |
| 20:29 | Build | House |
| 20:30 | Build | House |
| 20:30 | Build | House |
| 20:30 | Build | House |
| 20:33 | Create | Villager (Male) |
| 20:33 | Create | Villager (Male) |
| 20:33 | Create | Villager (Male) |
| 20:55 | Create | Villager (Male) |
| 20:56 | Create | Villager (Male) |
| 20:56 | Create | Villager (Male) |
| 20:56 | Create | Villager (Male) |
| 21:07 | Build | Lumber Camp |
| 21:11 | Build | Farm |
| 21:12 | Build | Farm |
| 21:12 | Build | Farm |
| 21:12 | Build | Farm |
| 21:12 | Build | Farm |
| 21:13 | Build | Farm |
| 21:13 | Build | Farm |
| 21:13 | Build | Farm |
| 21:13 | Build | Farm |
| 21:16 | Create | Villager (Male) |
| 21:21 | Build | House |
| 21:24 | Create | Villager (Male) |
| 21:24 | Create | Villager (Male) |
| 21:25 | Create | Villager (Male) |
| 21:51 | Create | Villager (Male) |
| 21:51 | Create | Villager (Male) |
| 21:59 | Create | Villager (Male) |
| 21:59 | Create | Villager (Male) |
| 22:02 | Build | House |
| 22:02 | Build | House |
Build order — Lezec
7 actions detected in the replay
| 0:02 | Create | Villager (Male) |
| 0:03 | Create | Villager (Male) |
| 0:03 | Create | Villager (Male) |
| 0:03 | Create | Villager (Male) |
| 0:03 | Create | Villager (Male) |
| 0:04 | Build | House |
| 0:06 | Build | House |
Build order — LordHassan
8 actions detected in the replay
| 0:06 | Build | House |
| 0:10 | Build | House |
| 0:10 | Create | Villager (Male) |
| 0:11 | Create | Villager (Male) |
| 0:11 | Create | Villager (Male) |
| 0:20 | Create | Villager (Male) |
| 0:20 | Create | Villager (Male) |
| 0:21 | Create | Villager (Male) |
Build order — hpenasa
First 150 of 183 actions detected
| 0:08 | Build | House |
| 0:17 | Create | Villager (Male) |
| 0:17 | Create | Villager (Male) |
| 0:17 | Create | Villager (Male) |
| 0:17 | Create | Villager (Male) |
| 0:50 | Build | House |
| 1:42 | Build | Lumber Camp |
| 1:54 | Create | Villager (Male) |
| 2:32 | Create | Villager (Male) |
| 3:06 | Create | Villager (Male) |
| 4:03 | Create | Villager (Male) |
| 4:17 | Build | House |
| 4:37 | Build | Mill |
| 4:51 | Create | Villager (Male) |
| 5:16 | Create | Villager (Male) |
| 5:41 | Create | Villager (Male) |
| 5:41 | Create | Villager (Male) |
| 6:24 | Create | Villager (Male) |
| 6:36 | Create | Villager (Male) |
| 6:57 | Build | Lumber Camp |
| 7:32 | Create | Villager (Male) |
| 7:46 | Research | Feudal Age |
| 8:09 | Build | House |
| 8:20 | Create | Villager (Male) |
| 8:35 | Build | Barracks |
| 9:01 | Build | Mining Camp |
| 9:10 | Build | House |
| 9:56 | Age | Feudal Age |
| 10:00 | Build | Mining Camp |
| 10:03 | Create | Villager (Male) |
| 10:03 | Create | Villager (Male) |
| 10:03 | Create | Villager (Male) |
| 10:04 | Create | Villager (Male) |
| 10:04 | Create | Villager (Male) |
| 10:12 | Build | Farm |
| 11:04 | Build | Farm |
| 11:11 | Build | Farm |
| 11:23 | Build | Farm |
| 11:31 | Build | Farm |
| 11:38 | Create | Villager (Male) |
| 11:39 | Create | Villager (Male) |
| 12:13 | Create | Villager (Male) |
| 12:14 | Create | Villager (Male) |
| 12:14 | Create | Villager (Male) |
| 12:28 | Research | Double-Bit Axe |
| 12:34 | Build | Farm |
| 13:02 | Build | Mill |
| 13:10 | Create | Villager (Male) |
| 13:24 | Build | House |
| 13:29 | Create | Villager (Male) |
| 13:45 | Build | Stable |
| 14:05 | Create | Villager (Male) |
| 14:06 | Create | Villager (Male) |
| 14:10 | Build | Farm |
| 14:31 | Create | Villager (Male) |
| 15:03 | Build | Farm |
| 15:15 | Build | Farm |
| 15:23 | Create | Villager (Male) |
| 15:23 | Create | Villager (Male) |
| 15:24 | Create | Villager (Male) |
| 15:44 | Build | House |
| 15:47 | Build | House |
| 16:02 | Build | Farm |
| 16:19 | Build | Market |
| 16:33 | Build | Blacksmith |
| 16:40 | Create | Villager (Male) |
| 17:03 | Create | Villager (Male) |
| 17:09 | Build | Farm |
| 17:15 | Build | Farm |
| 17:36 | Research | Castle Age |
| 17:50 | Build | Farm |
| 18:03 | Create | Villager (Male) |
| 18:04 | Create | Villager (Male) |
| 18:04 | Create | Villager (Male) |
| 18:05 | Create | Villager (Male) |
| 18:05 | Create | Villager (Male) |
| 18:16 | Build | Farm |
| 19:26 | Research | Gold Mining |
| 19:27 | Research | Stone Mining |
| 19:44 | Build | Farm |
| 20:13 | Create | Villager (Male) |
| 20:13 | Create | Villager (Male) |
| 20:13 | Create | Villager (Male) |
| 20:17 | Age | Castle Age |
| 20:38 | Build | Town Center |
| 20:55 | Create | Camel Scout |
| 20:56 | Create | Camel Scout |
| 21:12 | Build | Town Center |
| 21:30 | Build | House |
| 21:31 | Build | House |
| 21:33 | Build | House |
| 22:03 | Create | Villager (Male) |
| 22:04 | Research | Wheelbarrow |
| 22:05 | Research | Town Watch |
| 22:33 | Create | Camel Scout |
| 22:33 | Create | Camel Scout |
| 22:33 | Create | Camel Scout |
| 22:33 | Create | Camel Scout |
| 22:41 | Create | Villager (Male) |
| 22:42 | Create | Villager (Male) |
| 22:42 | Create | Villager (Male) |
| 22:42 | Create | Villager (Male) |
| 22:43 | Create | Villager (Male) |
| 22:56 | Create | Villager (Male) |
| 22:57 | Create | Villager (Male) |
| 22:57 | Create | Villager (Male) |
| 22:57 | Create | Villager (Male) |
| 22:57 | Create | Villager (Male) |
| 22:57 | Create | Villager (Male) |
| 22:58 | Create | Villager (Male) |
| 23:16 | Create | Villager (Male) |
| 23:16 | Create | Villager (Male) |
| 23:16 | Create | Villager (Male) |
| 23:25 | Build | House |
| 23:27 | Build | House |
| 23:36 | Build | Castle |
| 23:57 | Research | Town Watch |
| 23:58 | Research | Loom |
| 24:50 | Research | Town Patrol |
| 24:51 | Create | Villager (Male) |
| 24:51 | Create | Villager (Male) |
| 24:51 | Create | Villager (Male) |
| 25:01 | Create | Villager (Male) |
| 25:01 | Create | Villager (Male) |
| 25:11 | Build | Farm |
| 25:17 | Build | Farm |
| 25:55 | Build | Farm |
| 25:57 | Build | Farm |
| 26:13 | Create | Villager (Male) |
| 26:14 | Create | Villager (Male) |
| 26:23 | Build | Town Center |
| 26:28 | Build | Farm |
| 26:51 | Build | Farm |
| 26:55 | Build | Farm |
| 27:00 | Create | Villager (Male) |
| 27:00 | Create | Villager (Male) |
| 27:01 | Research | Hand Cart |
| 27:06 | Build | House |
| 27:13 | Build | Farm |
| 27:25 | Create | Villager (Male) |
| 27:25 | Create | Villager (Male) |
| 27:25 | Create | Villager (Male) |
| 27:26 | Create | Villager (Male) |
| 27:26 | Create | Villager (Male) |
| 27:26 | Create | Villager (Male) |
| 27:31 | Build | Farm |
| 27:34 | Research | Bow Saw |
| 27:38 | Create | Gbeto |
| 27:39 | Create | Gbeto |
| 27:39 | Create | Gbeto |
Build order — WiJE
5 actions detected in the replay
| 0:05 | Create | Villager (Male) |
| 0:06 | Create | Villager (Male) |
| 0:08 | Build | House |
| 0:09 | Build | House |
| 0:19 | Create | Villager (Male) |
Match timeline
| 0:01 | 123321 · resign |
| 8:35 | hpenasa · first_building Barracks |
| 9:56 | hpenasa · age_up feudal |
| 11:32 | MASACRE · age_up feudal |
| 13:45 | hpenasa · first_building Stable |
| 15:07 | MASACRE · age_up castle |
| 15:20 | MASACRE · first_building Monastery |
| 18:13 | HUGO3509 · first_building Barracks |
| 18:54 | MASACRE · first_building Siege Workshop |
| 19:14 | MASACRE · first_market_buy 100 wood |
| 20:17 | hpenasa · age_up castle |
| 23:36 | hpenasa · first_building Castle |
| 23:59 | HUGO3509 · wall_segment Stone Wall x19 |
| 24:32 | MASACRE · first_building Barracks |
| 25:01 | MASACRE · wall_segment Palisade Wall x1 |
| 25:05 | MASACRE · wall_segment Palisade Wall x1 |
| 25:28 | HUGO3509 · first_building Archery Range |
| 25:34 | HUGO3509 · first_building Stable |
| 25:38 | HUGO3509 · first_building Siege Workshop |
| 25:52 | MASACRE · first_market_sell 100 wood |
| 27:30 | HUGO3509 · first_building Castle |
| 28:09 | hpenasa · first_market_buy 100 wood |
| 28:44 | hpenasa · first_building Siege Workshop |
| 31:14 | HUGO3509 · first_building Monastery |
| 32:21 | MASACRE · age_up imperial |
[ AI ANALYSIS · 1 CREDIT ]
What really happened in this match?
Wolo.gg analyzes every decision: build order, eco, micro, common mistakes by bracket. Personalized analysis on WhatsApp or Discord in 30 seconds.
Civ guide
Georgians
Perfil
Jugador #8906448